Map: Cactus Valley LE (Void)

Players

Pidgey

  • Race: Zerg Zerg
  • League: Master
  • Spawn Location: 5:00

llllllllllll (Oliveira) - Winner!

  • Race: Zerg Zerg
  • League: Grandmaster
  • Spawn Location: 1:00

VOD

Have the link to the VOD?

Description

Time

  • Played on: March 4, 2017, 11:11 p.m.
  • Length: 11:19
Show
View Real Time Build Order
Export as new Build Order

Pidgey Zerg 

Build Orders: Pool First 

Get SALT Encoding   

  12  0:01  Drone  
  13  0:13  Overlord  
  13  0:18  Drone  
  14  0:31  Drone x2  
  14  0:35  Drone  
  17  0:45  Extractor  
  17  0:49  Spawning Pool  
  15  0:50  Drone  
  15  0:56  Drone  
  17  1:18  Hatchery  
  16  1:21  Drone  
  17  1:35  Queen  
  17  1:37  Zergling x2  
  20  1:46  Metabolic Boost  
  20  1:48  Zergling x2  
  20  1:52  Zergling x2  
  22  2:00  Overlord  
  22  2:17  Queen  
  22  2:19  Zergling x4  
  22  2:22  Zergling x2  
  27  2:32  Zergling x2  
  27  2:35  Overlord  
  28  2:46  Zergling x4  
  28  2:47  Zergling x2  
  31  3:06  Zergling x10  
  35  3:18  Zergling x4  
  37  3:20  Roach Warren  
  36  3:29  Zergling x4  
  35  3:34  Zergling x6  
  35  3:35  Zergling x2  
  34  3:47  Zergling x4  
  28  4:13  Roach x4  
  36  4:18  Roach x2  
  36  4:31  Roach x2  
  30  4:55  Ravager  
  30  4:57  Zergling x2  
  30  4:58  Zergling x12  
  38  5:14  Zergling x6  
  34  5:46  Zergling x6  
  34  5:47  Zergling x2  
  38  6:01  Ravager  
  27  6:14  Zergling x12  
  22  6:25  Zergling x4  
  19  6:36  Drone  
  20  6:48  Drone x2  
  22  6:59  Roach  
  24  7:03  Roach  
  20  7:25  Roach x2  
  20  7:28  Zergling x4  
  19  7:47  Queen  
  21  7:52  Drone  
  22  8:00  Drone  
  23  8:10  Drone x2  
  25  8:18  Drone  
  26  8:24  Drone  
  27  8:30  Drone  
  27  8:31  Drone  
  29  8:51  Drone x5  
  34  8:58  Drone x2  
  38  9:10  Roach x2  
  40  9:17  Roach  
  40  9:18  Roach  
  44  9:32  Overlord x2  
  42  10:00  Roach x6  
  47  10:16  Roach x2  
  51  10:27  Zergling x8  
  55  10:39  Zergling x4  
  55  10:41  Queen  
  59  10:44  Overlord  
  59  10:55  Ravager  
Show
View Real Time Build Order
Export as new Build Order

llllllllllll Zerg - Winner!

Build Orders: Hatch First 

Get SALT Encoding   

  12  0:01  Drone  
  13  0:08  Drone  
  14  0:18  Overlord  
  14  0:22  Extractor  
  14  0:24  Drone  
  15  0:37  Drone x2  
  17  0:48  Drone  
  18  0:57  Hatchery  
  18  1:00  Drone  
  18  1:04  Extractor  
  17  1:05  Drone  
  18  1:19  Spawning Pool  
  18  1:21  Drone  
  18  1:27  Drone  
  19  1:41  Overlord  
  19  1:52  Drone  
  20  2:05  Metabolic Boost, Queen  
  20  2:08  Zergling x2  
  23  2:09  Queen  
  23  2:10  Zergling x2  
  23  2:11  Drone  
  27  2:21  Drone x2  
  29  2:30  Baneling Nest  
  29  2:31  Drone  
  29  2:34  Drone  
  30  2:47  Drone x2  
  32  2:55  Hatchery  
  32  2:57  Overlord  
  31  3:05  Drone x3  
  32  3:18  Zergling x6  
  32  3:19  Zergling x6  
  38  3:28  Zergling x6  
  38  3:32  Zergling x2  
  34  3:40  Queen  
  31  3:50  Zergling x4  
  31  3:52  Baneling  
  31  3:53  Baneling x2  
  33  3:56  Zergling x2  
  33  4:00  Zergling x2  
  33  4:02  Zergling x2  
  32  4:05  Zergling x2  
  31  4:12  Zergling x4  
  31  4:16  Zergling x2  
  34  4:19  Zergling x2  
  34  4:29  Zergling x4  
  34  4:30  Zergling x4  
  38  4:32  Baneling  
  38  4:33  Baneling  
  38  4:35  Baneling  
  38  4:42  Zergling x4  
  38  4:44  Zergling x2  
  36  4:51  Drone x2  
  36  4:58  Drone x2  
  36  4:59  Drone  
  35  5:02  Drone  
  32  5:12  Baneling  
  32  5:13  Baneling  
  32  5:14  Overlord  
  32  5:15  Drone  
  32  5:23  Zergling x6  
  32  5:26  Zergling x2  
  36  5:30  Zergling x2  
  36  5:31  Zergling x2  
  37  5:37  Zergling x4  
  37  5:42  Zergling x2  
  40  5:45  Zergling x2  
  41  5:50  Baneling x2  
  41  5:51  Baneling x3  
  39  5:58  Zergling x4  
  39  5:59  Zergling x2  
  37  6:04  Zergling x2  
  37  6:05  Zergling x2  
  37  6:07  Zergling x2  
  38  6:12  Zergling x4  
  32  6:29  Zergling x2  
  32  6:33  Baneling  
  32  6:34  Baneling  
  32  6:46  Zergling x6  
  35  6:48  Drone x2  
  35  6:51  Drone  
  38  6:56  Drone x2  
  40  7:01  Baneling  
  40  7:02  Baneling x2  
  40  7:03  Baneling  
  40  7:05  Drone  
  40  7:07  Drone  
  42  7:10  Zergling x2  
  42  7:19  Zergling x2  
  42  7:20  Zergling x8  
  46  7:26  Zergling x2  
  46  7:27  Zergling x2  
  45  7:32  Zergling x6  
  45  7:39  Queen  
  45  7:41  Zergling x4  
  48  7:46  Zergling x2  
  48  7:47  Baneling  
  48  7:48  Baneling x3  
  49  7:52  Overlord  
  49  7:53  Overlord  
  49  8:05  Overlord  
  49  8:10  Queen x2  
  53  8:12  Drone  
  53  8:13  Drone x3  
  53  8:14  Drone  
  53  8:19  Drone  
  58  8:33  Roach Warren, Drone  
  58  8:34  Drone x2  
  60  8:35  Drone x2  
  60  8:36  Drone  
  60  8:39  Lair  
  63  8:42  Evolution Chamber  
  63  8:46  Drone  
  62  8:49  Zergling x8  
  62  8:53  Baneling  
  62  8:54  Baneling x2  
  66  8:58  Zergling x4  
  66  9:02  Drone  
  69  9:09  Extractor, Zerg Missile Weapons Level 1  
  68  9:10  Extractor  
  68  9:13  Overlord  
  68  9:15  Overlord  
  67  9:21  Drone  
  67  9:22  Roach x3  
  74  9:30  Spore Crawler, Overlord  
  73  9:31  Queen  
  73  9:34  Drone x7  
  73  9:36  Drone x2  
  73  9:38  Drone  
  85  9:43  Glial Reconstitution  
  85  9:50  Roach x3  
  85  9:52  Roach  
  92  9:55  Roach  
  92  9:58  Roach  
  95  10:02  Roach  
  95  10:07  Drone x2  
  94  10:15  Overlord, Drone x3  
  94  10:16  Overlord x3  
  97  10:22  Extractor  
  96  10:30  Drone  
  96  10:35  Extractor  
  95  10:37  Roach x3  
  95  10:38  Roach  
  95  10:40  Hatchery, Drone  
  95  10:42  Roach  
  103  10:48  Roach x3  
  108  10:50  Roach  
  108  10:52  Roach  
  108  10:55  Roach  
  108  10:56  Roach  
  108  10:58  Roach  
  108  10:59  Roach  
  110  11:12  Ravager  
Tags
 
Add a new tag
Caveats
  • Supply blocks, unpowered buildings, or Contaminate may cause inaccurate times.
  • Supply counts are checked every 10 seconds.